Map: [ESL] Cosmic Sapphire

Players

NightMare

  • Race: Protoss Protoss
  • Spawn Location: 5:00

Serral - Winner!

  • Race: Zerg Zerg
  • Spawn Location: 11:00

Event: HomeStory Cup XXII

VOD

Have the link to the VOD?

Description

Time

  • Played on: Dec. 15, 2022, 1:07 p.m.
  • Length: 8:06

All games in this series

Show
View Real Time Build Order
Export as new Build Order

NightMare Protoss 

Build Orders: 1 Gate Expand, Mass Adepts 

Get SALT Encoding   

  12  0:00  Probe  
  13  0:12  Probe  
  14  0:20  Pylon  
  14  0:24  Probe  
  15  0:38  Probe (Chrono Boost)  
  15  0:39  Gateway  
  16  0:49  Probe (Chrono Boost)  
  17  0:54  Probe (Chrono Boost)  
  17  0:55  Assimilator  
  18  1:04  Probe  
  19  1:16  Probe  
  20  1:26  Nexus  
  20  1:36  Cybernetics Core  
  20  1:38  Probe  
  21  1:44  Assimilator  
  21  1:50  Probe  
  22  1:56  Pylon  
  22  2:02  Probe  
  23  2:11  Adept (Chrono Boost)  
  23  2:15  Probe  
  26  2:23  Twilight Council  
  26  2:27  Warp Gate, Probe  
  27  2:33  Stalker (Chrono Boost)  
  29  2:39  Probe x2  
  31  2:51  Probe x2  
  32  2:54  Robotics Facility  
  32  2:57  Resonating Glaives (Chrono Boost)  
  33  3:03  Probe  
  33  3:04  Probe  
  35  3:19  Adept  
  37  3:23  Gateway  
  37  3:25  Gateway  
  37  3:27  Gateway  
  37  3:33  Pylon  
  37  3:38  Warp Prism (Chrono Boost)  
  37  3:43  Probe  
  37  3:44  Probe  
  41  3:50  Assimilator  
  41  3:52  Pylon  
  41  3:55  Probe  
  42  3:56  Probe  
  43  4:03  Pylon  
  43  4:07  Observer, Probe  
  43  4:08  Probe  
  46  4:19  Probe  
  46  4:21  Probe  
  48  4:28  Adept x4  
  56  4:33  Immortal (Chrono Boost)  
  56  4:34  Probe x2  
  62  4:48  Pylon  
  62  4:53  Adept x4  
  70  5:04  Nexus  
  70  5:09  Pylon  
  70  5:14  Immortal (Chrono Boost)  
  70  5:19  Adept  
  77  5:21  Probe  
  77  5:22  Probe  
  76  5:39  Adept  
  76  5:40  Adept x3  
  84  5:48  Probe x2  
  80  5:50  Gateway  
  80  5:52  Gateway  
  80  5:58  Pylon x2  
  80  6:07  Adept x3  
  86  6:15  Probe x2  
  86  6:17  Robotics Bay, Probe  
  89  6:28  Adept x4  
  83  6:41  Probe x2  
  81  6:50  Adept x2  
  81  6:51  Adept x4  
  93  6:56  Gateway  
  93  6:57  Probe  
  92  7:04  Probe x2  
  92  7:09  Disruptor (Chrono Boost)  
  77  7:21  Stalker x4  
  75  7:23  Shield Battery, Stalker  
  75  7:28  Stalker  
  79  7:32  Shield Battery  
  79  7:34  Shield Battery  
  64  7:55  Stalker  
  64  7:56  Zealot x6  
Show
View Real Time Build Order
Export as new Build Order

Serral Zerg - Winner!

Build Orders: Hatch First 

Get SALT Encoding   

  12  0:00  Drone  
  13  0:11  Overlord  
  13  0:16  Drone  
  14  0:30  Drone x2  
  16  0:44  Drone  
  17  0:51  Hatchery  
  17  0:54  Drone  
  17  0:57  Drone  
  18  1:08  Extractor  
  17  1:14  Spawning Pool  
  17  1:17  Drone  
  17  1:20  Drone  
  18  1:27  Drone  
  19  1:37  Drone  
  20  1:48  Overlord  
  20  2:00  Queen  
  22  2:04  Queen  
  22  2:05  Zergling x4  
  26  2:10  Drone  
  26  2:11  Metabolic Boost  
  26  2:14  Drone  
  28  2:20  Drone  
  29  2:24  Drone  
  30  2:35  Hatchery  
  29  2:42  Queen  
  31  2:47  Zergling x2, Drone  
  33  2:51  Overlord  
  33  2:57  Drone  
  34  2:59  Drone  
  34  3:10  Drone  
  34  3:11  Overlord  
  35  3:13  Drone x3  
  35  3:16  Drone  
  35  3:17  Drone x2  
  41  3:21  Drone  
  41  3:23  Queen  
  44  3:29  Queen  
  44  3:32  Drone  
  44  3:33  Drone  
  48  3:35  Drone  
  48  3:41  Drone  
  50  3:42  Drone  
  50  3:45  Overlord  
  50  3:47  Drone x2  
  53  3:50  Queen  
  55  3:55  Roach Warren  
  55  3:58  Drone  
  55  4:00  Overlord  
  55  4:04  Zergling x2  
  55  4:05  Zergling x4  
  55  4:09  Zergling x6  
  61  4:15  Overlord  
  61  4:17  Zergling x6  
  62  4:22  Spore Crawler  
  63  4:24  Overlord  
  63  4:25  Zergling x4  
  63  4:28  Spore Crawler  
  63  4:30  Spore Crawler  
  63  4:35  Zergling x6  
  66  4:39  Overlord  
  66  4:46  Lair  
  66  4:48  Extractor  
  66  4:49  Roach x2  
  66  4:50  Roach  
  70  4:54  Overlord  
  69  5:00  Roach x2  
  69  5:03  Zergling x8  
  77  5:17  Drone x4  
  81  5:24  Drone x2  
  81  5:26  Drone x4  
  81  5:28  Overlord  
  87  5:31  Overlord  
  87  5:38  Drone, Roach x3  
  87  5:39  Drone  
  89  5:43  Drone  
  89  5:44  Drone  
  89  5:45  Drone  
  89  5:48  Glial Reconstitution  
  89  5:52  Extractor, Evolution Chamber  
  89  5:53  Drone, Extractor  
  89  5:54  Drone x2  
  88  6:00  Overseer, Roach  
  88  6:02  Overlord  
  90  6:05  Drone  
  90  6:06  Drone  
  90  6:09  Roach  
  94  6:14  Hatchery, Roach x2  
  97  6:20  Roach x2  
  100  6:26  Roach  
  100  6:27  Roach, Overlord  
  100  6:28  Overlord  
  104  6:35  Zergling x4, Roach x4  
  97  6:41  Roach x3  
  97  6:44  Zergling x4, Roach  
  103  6:47  Roach  
  103  6:50  Zergling x2  
  103  6:51  Zergling x6  
  109  6:56  Ravager  
  109  6:58  Roach x2  
  112  7:04  Zergling x2, Roach x3  
  117  7:16  Zergling x12  
  119  7:22  Drone  
  119  7:25  Drone  
  119  7:26  Drone, Ravager  
  119  7:27  Drone x2, Ravager  
  119  7:28  Drone x2  
  127  7:35  Baneling Nest, Drone x2  
  124  7:38  Drone  
  124  7:39  Drone x3  
  124  7:40  Drone  
  124  7:43  Drone  
  124  7:46  Drone  
  124  7:53  Drone x2  
  124  7:54  Extractor  
  124  7:55  Extractor  
Tags
 
Add a new tag
Caveats
  • Supply blocks, unpowered buildings, or Contaminate may cause inaccurate times.
  • Supply counts are checked every 10 seconds.